General information
- name: BNet
- type: Ladder team game (AT/RT)
- host: Battle.net
- saver: BlindJustice
map: Deadlands
- players: 8
- length: 31:15
- speed: Fast
- version: 1.26 W3XP
- replay type: Public
» download(204 KB)
Players
team 1 (loser)
Plastic (
orange | 70 APM | 2130 actions | 30:33)
3 Blademaster
2 Wind Walk
1 Critical Strike
1 Shadow Hunter
1 Healing Wave
» actions
| Assign group hotkey | 157 | |
| Basic commands | 62 | |
| Build / train | 68 | |
| ESC pressed | 3 | |
| Enter build submenu | 19 | |
| Enter hero's abilities submenu | 4 | |
| Right click | 1132 | |
| Select / deselect | 283 | |
| Select group hotkey | 302 | |
| Use ability | 100 | |
2130 total
» units
| Peon | 17 | |
| Grunt | 9 | |
| Wind Rider | 11 | |
| Troll Batrider | 19 | |
56 total
» upgrades
| Pillage | 1 | |
| Envenomed Spears | 1 | |
| Ranged Weapons | 1 | |
3 total
» buildings
| Altar of Storms | 1 | |
| Orc Burrow | 6 | |
| Barracks | 1 | |
| Voodoo Lounge | 1 | |
| Stronghold | 1 | |
| War Mill | 1 | |
| Fortress | 1 | |
| Beastiary | 2 | |
| Great Hall | 2 | |
16 total
» build order
00:08 Altar of Storms
00:16 Orc Burrow
00:39 Barracks
01:34 Voodoo Lounge
01:42 Orc Burrow
04:02 Orc Burrow
04:03 Stronghold
05:12 War Mill
06:28 Fortress
06:37 Beastiary
06:40 Beastiary
07:15 Great Hall
07:37 Orc Burrow
07:58 Great Hall
09:34 Orc Burrow
13:37 Orc Burrow
» items
CvntDestroyer (
yellow | 53 APM | 1658 actions | 31:08)
7 Blademaster
3 Wind Walk
3 Critical Strike
1 Bladestorm
» actions
| Assign group hotkey | 68 | |
| Basic commands | 113 | |
| Build / train | 70 | |
| Enter build submenu | 35 | |
| Enter hero's abilities submenu | 7 | |
| Give item / drop item | 9 | |
| Remove unit from queue | 1 | |
| Right click | 711 | |
| Select / deselect | 275 | |
| Select group hotkey | 258 | |
| Use ability | 111 | |
1658 total
» units
| Peon | 12 | |
| Grunt | 4 | |
| Goblin Shredder | 1 | |
| Goblin Sapper | 6 | |
| Goblin Zeppelin | 1 | |
| Raider | 4 | |
28 total
» upgrades
| Ranged Weapons | 1 | |
| Armor | 4 | |
| Reinforced Defenses | 1 | |
| Troll Regeneration | 1 | |
| Melee Weapons | 3 | |
| Pillage | 1 | |
| Ensnare | 1 | |
12 total
» buildings
| Orc Burrow | 4 | |
| Altar of Storms | 1 | |
| Barracks | 1 | |
| Voodoo Lounge | 2 | |
| Stronghold | 5 | |
| War Mill | 1 | |
| Great Hall | 2 | |
| Watch Tower | 29 | |
| Beastiary | 4 | |
| Fortress | 1 | |
50 total
» build order
00:14 Orc Burrow
00:53 Altar of Storms
00:54 Barracks
01:07 Orc Burrow
01:47 Voodoo Lounge
01:53 Voodoo Lounge
02:49 Stronghold
02:49 Stronghold
02:50 Stronghold
02:50 Stronghold
03:53 War Mill
04:09 Orc Burrow
05:23 Great Hall
05:29 Watch Tower
05:29 Watch Tower
05:30 Watch Tower
05:30 Watch Tower
07:21 Orc Burrow
07:56 Beastiary
07:57 Beastiary
08:46 Fortress
09:59 Great Hall
10:38 Watch Tower
10:39 Watch Tower
10:40 Watch Tower
10:40 Watch Tower
11:16 Beastiary
11:18 Beastiary
12:58 Watch Tower
12:59 Watch Tower
13:00 Watch Tower
13:01 Watch Tower
13:02 Watch Tower
13:04 Watch Tower
13:05 Watch Tower
13:06 Watch Tower
13:07 Watch Tower
13:08 Watch Tower
14:23 Watch Tower
14:23 Watch Tower
14:25 Watch Tower
14:27 Watch Tower
14:28 Watch Tower
15:37 Watch Tower
15:37 Watch Tower
15:38 Watch Tower
15:38 Watch Tower
15:39 Watch Tower
15:40 Watch Tower
» items
| Healing Salve | 4 | |
| Lesser Clarity Potion | 2 | |
| Scroll of Town Portal | 3 | |
| Periapt of Vitality | 1 | |
| Staff of Teleportation | 1 | |
| Potion of Lesser Invulnerability | 1 | |
| Orb of Lightning | 1 | |
| Potion of Healing | 1 | |
| Potion of Mana | 1 | |
15 total
DEVILRY-FOOLRY (
purple | 65 APM | 2042 actions | 31:13)
5 Blademaster
3 Wind Walk
2 Critical Strike
4 Shadow Hunter
2 Hex
2 Healing Wave
» actions
| Assign group hotkey | 33 | |
| Basic commands | 61 | |
| Build / train | 63 | |
| Enter build submenu | 19 | |
| Enter hero's abilities submenu | 9 | |
| Give item / drop item | 2 | |
| Right click | 858 | |
| Select / deselect | 217 | |
| Select group hotkey | 628 | |
| Use ability | 152 | |
2042 total
» units
| Peon | 14 | |
| Wind Rider | 3 | |
| Troll Batrider | 11 | |
| Raider | 4 | |
| Goblin Shredder | 1 | |
33 total
» upgrades
| Ranged Weapons | 2 | |
| Reinforced Defenses | 1 | |
| Ensnare | 1 | |
| Armor | 2 | |
| Pillage | 1 | |
7 total
» buildings
| Altar of Storms | 1 | |
| Orc Burrow | 7 | |
| Voodoo Lounge | 1 | |
| Stronghold | 1 | |
| War Mill | 1 | |
| Beastiary | 3 | |
| Great Hall | 3 | |
| Watch Tower | 15 | |
| Fortress | 1 | |
33 total
» build order
00:06 Altar of Storms
00:17 Orc Burrow
01:01 Voodoo Lounge
02:07 Stronghold
02:32 War Mill
02:48 Orc Burrow
02:48 Orc Burrow
02:50 Orc Burrow
04:29 Beastiary
04:30 Beastiary
10:01 Great Hall
10:04 Watch Tower
10:04 Watch Tower
10:04 Watch Tower
10:05 Watch Tower
10:51 Great Hall
11:09 Watch Tower
11:09 Watch Tower
12:04 Fortress
15:22 Orc Burrow
15:25 Beastiary
15:28 Orc Burrow
19:52 Watch Tower
19:52 Watch Tower
19:53 Watch Tower
19:53 Watch Tower
19:53 Watch Tower
23:43 Great Hall
23:45 Watch Tower
23:46 Watch Tower
23:46 Watch Tower
23:46 Watch Tower
24:09 Orc Burrow
» items
| Healing Salve | 3 | |
| Lesser Clarity Potion | 2 | |
| Staff of Teleportation | 2 | |
| Potion of Mana | 1 | |
| Boots of Speed | 1 | |
| Potion of Lesser Invulnerability | 1 | |
10 total

»
Drone (
green | 14 APM | 327 actions | 22:43)
3 Death Knight
2 Death Coil
1 Unholy Aura
» actions
| Basic commands | 8 | |
| Build / train | 27 | |
| Enter build submenu | 11 | |
| Enter hero's abilities submenu | 3 | |
| Right click | 146 | |
| Select / deselect | 96 | |
| Use ability | 36 | |
327 total
» units
| Acolyte | 3 | |
| Ghoul | 4 | |
| Crypt Fiend | 6 | |
13 total
» upgrades
| Web | 1 | |
| Creature Carapace | 2 | |
| Creature Attack | 2 | |
5 total
» buildings
| Crypt | 1 | |
| Altar of Darkness | 1 | |
| Ziggurat | 3 | |
| Tomb of Relics | 1 | |
| Halls of the Dead | 1 | |
| Graveyard | 1 | |
| Black Citadel | 1 | |
| Sacrificial Pit | 1 | |
10 total
» build order
00:15 Crypt
00:18 Altar of Darkness
00:29 Ziggurat
01:30 Tomb of Relics
01:59 Ziggurat
02:58 Halls of the Dead
03:10 Graveyard
05:48 Black Citadel
07:20 Ziggurat
08:48 Sacrificial Pit
» items
| Rod of Necromancy | 1 | |
| Healing Salve | 1 | |
| Scroll of Town Portal | 1 | |
3 total
team 2 (winner)
Redemption (
pink | 177 APM | 4966 actions | 28:03)
5 Mountain King
3 Storm Bolt
2 Thunder Clap
4 Paladin
2 Holy Light
2 Divine Shield
3 Pandaren Brewmaster
2 Breath of Fire
1 Drunken Haze
» actions
| Assign group hotkey | 81 | |
| Basic commands | 215 | |
| Build / train | 137 | |
| Enter build submenu | 47 | |
| Enter hero's abilities submenu | 15 | |
| Give item / drop item | 5 | |
| Right click | 1237 | |
| Select / deselect | 882 | |
| Select group hotkey | 2191 | |
| Use ability | 156 | |
4966 total
» units
| Peasant | 34 | |
| Footman | 10 | |
| Gryphon Rider | 4 | |
| Siege Engine | 8 | |
| Priest | 3 | |
| Dragonhawk Rider | 1 | |
| Sorceress | 3 | |
| Spell Breaker | 6 | |
69 total
» upgrades
| Masonry | 2 | |
| Lumber Harvesting | 1 | |
| Priest Training | 2 | |
| Sorceress Training | 1 | |
| Barrage | 1 | |
| Animal War Training | 1 | |
| Swords | 2 | |
| Armor | 2 | |
| Control Magic | 1 | |
| Magic Sentry | 1 | |
14 total
» buildings
| Altar of Kings | 1 | |
| Barracks | 2 | |
| Farm | 13 | |
| Scout Tower | 13 | |
| Arcane Tower | 3 | |
| Arcane Vault | 2 | |
| Lumber Mill | 1 | |
| Town Hall | 3 | |
| Keep | 2 | |
| Guard Tower | 6 | |
| Blacksmith | 2 | |
| Castle | 1 | |
| Arcane Sanctum | 2 | |
| Gryphon Aviary | 2 | |
| Workshop | 2 | |
55 total
» build order
00:07 Altar of Kings
00:19 Barracks
00:23 Barracks
00:35 Farm
00:44 Farm
01:33 Scout Tower
01:37 Farm
02:00 Arcane Tower
02:30 Arcane Vault
02:55 Lumber Mill
03:53 Town Hall
04:57 Keep
05:01 Scout Tower
05:59 Scout Tower
05:59 Scout Tower
06:02 Arcane Tower
06:03 Scout Tower
06:04 Scout Tower
06:23 Arcane Vault
06:29 Scout Tower
06:30 Scout Tower
06:33 Guard Tower
06:35 Farm
06:36 Farm
06:55 Blacksmith
06:56 Guard Tower
07:02 Guard Tower
07:07 Scout Tower
07:08 Scout Tower
07:37 Castle
08:05 Scout Tower
08:05 Scout Tower
08:06 Scout Tower
08:16 Guard Tower
08:18 Guard Tower
08:23 Arcane Tower
08:34 Guard Tower
08:40 Blacksmith
08:51 Arcane Sanctum
09:08 Keep
09:16 Gryphon Aviary
09:37 Gryphon Aviary
09:48 Arcane Sanctum
10:03 Farm
10:04 Farm
10:24 Workshop
10:39 Workshop
12:26 Farm
12:27 Farm
13:11 Farm
14:41 Farm
15:25 Farm
15:26 Farm
15:38 Town Hall
21:18 Town Hall
» items
| Scroll of Regeneration | 8 | |
| Lesser Clarity Potion | 4 | |
| Staff of Preservation | 1 | |
| Dust of Appearance | 1 | |
| Scroll of Town Portal | 5 | |
| Ivory Tower | 4 | |
| Potion of Mana | 1 | |
| Staff of Sanctuary | 3 | |
27 total
QC-blaise (
red | 24 APM | 125 actions | 05:17)
1 Warden
1 Fan of Knives
» actions
| Build / train | 16 | |
| Enter build submenu | 7 | |
| Enter hero's abilities submenu | 1 | |
| Remove unit from queue | 1 | |
| Right click | 30 | |
| Select / deselect | 53 | |
| Use ability | 17 | |
125 total
» units
» buildings
| Altar of Elders | 1 | |
| Moon Well | 3 | |
| Hunter's Hall | 1 | |
| Ancient of Wonders | 1 | |
| Tree of Ages | 1 | |
7 total
» build order
00:10 Altar of Elders
00:23 Moon Well
01:18 Moon Well
01:24 Moon Well
02:21 Hunter's Hall
02:30 Ancient of Wonders
02:58 Tree of Ages
BlindJustice (
teal | 105 APM | 3266 actions | 31:14)
6 Archmage
3 Summon Water Elemental
2 Brilliance Aura
1 Mass Teleport
» actions
| Assign group hotkey | 240 | |
| Basic commands | 113 | |
| Build / train | 251 | |
| ESC pressed | 23 | |
| Enter build submenu | 97 | |
| Enter hero's abilities submenu | 6 | |
| Give item / drop item | 14 | |
| Remove unit from queue | 1 | |
| Right click | 856 | |
| Select / deselect | 403 | |
| Select group hotkey | 841 | |
| Use ability | 418 | |
3266 total
» units
| Peasant | 35 | |
| Footman | 7 | |
| Dragonhawk Rider | 7 | |
| Gryphon Rider | 3 | |
52 total
» upgrades
| Masonry | 7 | |
| Swords | 3 | |
| Lumber Harvesting | 2 | |
| Armor | 5 | |
| Animal War Training | 1 | |
| Storm Hammers | 1 | |
| Cloud | 1 | |
| Flak Cannons | 1 | |
| Fragmentation Shards | 1 | |
| Barrage | 1 | |
| Flare | 1 | |
| Plating | 1 | |
| Gunpowder | 1 | |
| Flying Machine Bombs | 1 | |
27 total
» buildings
| Barracks | 1 | |
| Altar of Kings | 1 | |
| Farm | 10 | |
| Lumber Mill | 1 | |
| Arcane Vault | 2 | |
| Town Hall | 4 | |
| Scout Tower | 62 | |
| Guard Tower | 92 | |
| Keep | 4 | |
| Blacksmith | 1 | |
| Castle | 6 | |
| Gryphon Aviary | 5 | |
| Workshop | 5 | |
194 total
» build order
00:53 Barracks
00:55 Altar of Kings
00:58 Farm
01:05 Farm
01:40 Farm
02:17 Lumber Mill
02:19 Arcane Vault
02:35 Farm
04:42 Town Hall
05:03 Scout Tower
05:03 Scout Tower
05:05 Scout Tower
05:06 Scout Tower
05:07 Scout Tower
05:09 Scout Tower
05:29 Scout Tower
05:33 Scout Tower
05:35 Scout Tower
05:39 Guard Tower
05:40 Guard Tower
05:45 Scout Tower
05:53 Guard Tower
05:53 Guard Tower
06:16 Guard Tower
06:16 Guard Tower
06:16 Guard Tower
06:21 Guard Tower
06:21 Guard Tower
06:21 Guard Tower
07:14 Scout Tower
07:15 Scout Tower
07:16 Scout Tower
07:23 Keep
07:23 Keep
07:23 Keep
07:29 Blacksmith
07:50 Guard Tower
07:50 Guard Tower
08:13 Town Hall
08:19 Scout Tower
08:20 Scout Tower
08:21 Scout Tower
08:21 Scout Tower
09:19 Town Hall
09:20 Scout Tower
09:20 Scout Tower
09:21 Scout Tower
09:22 Scout Tower
09:34 Scout Tower
09:34 Scout Tower
09:36 Scout Tower
09:42 Scout Tower
09:50 Castle
09:51 Gryphon Aviary
09:52 Gryphon Aviary
10:01 Guard Tower
10:01 Guard Tower
10:19 Guard Tower
10:20 Guard Tower
10:20 Guard Tower
10:24 Guard Tower
10:24 Guard Tower
10:24 Guard Tower
10:55 Guard Tower
10:55 Guard Tower
10:55 Guard Tower
11:00 Scout Tower
11:01 Scout Tower
11:02 Scout Tower
11:03 Scout Tower
11:07 Scout Tower
11:08 Scout Tower
11:09 Scout Tower
11:14 Scout Tower
11:17 Scout Tower
11:19 Scout Tower
11:23 Scout Tower
11:25 Scout Tower
11:54 Scout Tower
11:56 Scout Tower
11:58 Scout Tower
11:59 Guard Tower
11:59 Guard Tower
12:04 Guard Tower
12:18 Guard Tower
12:19 Guard Tower
12:19 Guard Tower
12:31 Guard Tower
12:31 Guard Tower
12:31 Guard Tower
12:31 Guard Tower
12:32 Guard Tower
12:32 Guard Tower
12:44 Scout Tower
12:45 Scout Tower
12:53 Scout Tower
13:34 Guard Tower
13:35 Guard Tower
13:42 Farm
14:21 Scout Tower
14:22 Scout Tower
14:22 Scout Tower
14:23 Scout Tower
14:26 Scout Tower
14:40 Guard Tower
14:42 Castle
14:42 Castle
15:11 Guard Tower
15:11 Guard Tower
15:11 Guard Tower
15:56 Guard Tower
15:56 Guard Tower
16:24 Arcane Vault
17:23 Guard Tower
17:23 Guard Tower
18:08 Gryphon Aviary
18:09 Gryphon Aviary
18:10 Gryphon Aviary
20:15 Town Hall
20:32 Scout Tower
20:33 Scout Tower
20:34 Scout Tower
21:19 Scout Tower
21:19 Scout Tower
21:20 Scout Tower
21:21 Scout Tower
21:22 Scout Tower
21:23 Guard Tower
21:23 Guard Tower
21:50 Scout Tower
21:51 Scout Tower
22:02 Guard Tower
22:02 Guard Tower
22:03 Guard Tower
22:03 Guard Tower
22:17 Guard Tower
22:17 Guard Tower
22:17 Guard Tower
22:18 Guard Tower
22:18 Guard Tower
22:53 Farm
22:53 Farm
22:54 Farm
22:55 Farm
22:56 Farm
23:00 Guard Tower
23:00 Guard Tower
23:01 Guard Tower
23:01 Guard Tower
23:54 Scout Tower
27:55 Scout Tower
27:56 Scout Tower
27:57 Scout Tower
28:29 Guard Tower
28:29 Guard Tower
28:31 Workshop
28:33 Workshop
28:35 Workshop
28:36 Workshop
28:39 Workshop
» items
| Scroll of Regeneration | 3 | |
| Lesser Clarity Potion | 1 | |
| Mechanical Critter | 2 | |
| Scroll of Town Portal | 2 | |
| Potion of Healing | 1 | |
| Periapt of Vitality | 1 | |
| Staff of Teleportation | 1 | |
| Staff of Sanctuary | 1 | |
12 total
heat2peat (
blue | 23 APM | 98 actions | 04:10)
1 Mountain King
1 Storm Bolt
» actions
| Assign group hotkey | 3 | |
| Build / train | 16 | |
| Enter build submenu | 9 | |
| Enter hero's abilities submenu | 1 | |
| Right click | 21 | |
| Select / deselect | 32 | |
| Select group hotkey | 5 | |
| Use ability | 11 | |
98 total
» units
» buildings
| Farm | 5 | |
| Altar of Kings | 1 | |
| Barracks | 1 | |
| Blacksmith | 1 | |
| Lumber Mill | 1 | |
| Arcane Vault | 1 | |
10 total
» build order
00:55 Farm
00:56 Farm
00:58 Farm
01:09 Altar of Kings
01:24 Barracks
01:39 Blacksmith
01:49 Farm
01:56 Lumber Mill
02:56 Arcane Vault
03:17 Farm
Chat log
(00:10 / All) CvntDestroyer: There is a frenchy amongst us
(00:28 / All) DEVILRY-FOOLRY: only thing pink is gonna redeem is a cheeseburger
(00:30 / All) DEVILRY-FOOLRY: fat boy
(00:48 / All) DEVILRY-FOOLRY: pink u are my target
(00:50 / All) DEVILRY-FOOLRY: prepare urself
(01:05 / All) Plastic: prepare thy anus
(01:55 / Allies) Redemption: help me fast creep teal
(01:57 / Allies) Redemption: plz
(02:06 / Allies) BlindJustice: I think I'd rather fast creep my own expo
(03:22 / Allies) BlindJustice: I don't want your help blue or red
(03:48 / Allies) QC-blaise: help
(03:54 / Allies) Redemption: coming
(03:55 / Allies) BlindJustice: can you cretins fuck off and let me creep
(04:07 / Allies) heat2peat: WTF
(04:09 / Allies) QC-blaise: help
(04:14 / Allies) QC-blaise: help7
(04:19 / Allies) BlindJustice: I'd rather not, XP leeching scum
(04:32 / Allies) QC-blaise: noob
(04:35 / Allies) Redemption: lol
(04:37 / Allies) Redemption: how can you did to that
(04:38 / Allies) QC-blaise: help
(04:51 / All) BlindJustice: red losing to a couple heroes lol
(04:54 / All) BlindJustice: bitching at us to help
(04:57 / All) BlindJustice: HELP HELP HELP he says
(05:02 / Allies) QC-blaise: fuke noob
(05:18 / All) BlindJustice: calls me a noob since I didn't want his noobie cretin ass creeping with me
(05:20 / Allies) Redemption: nbd
(05:43 / All) Drone: too late
(06:06 / All) BlindJustice: green and orange
(06:07 / All) BlindJustice: you can leave
(06:08 / All) BlindJustice: bye-bye
(06:10 / All) BlindJustice: and leave
(06:11 / All) BlindJustice: get the fuck out
(06:17 / All) DEVILRY-FOOLRY: oh
(06:24 / All) Drone: go fuck urself drop hack me asshole
(06:29 / All) BlindJustice: don't need to
(06:32 / All) BlindJustice: when you are that shit
(06:52 / All) Drone: llmfao blindjustice more like blindasshole
(07:02 / All) BlindJustice: wow so witty did you come up with that yourself?
(07:05 / All) BlindJustice: nice job dumbass orange
(07:09 / All) BlindJustice: complete fucking garbage can
(07:13 / All) CvntDestroyer: The frenchie threw in the white towel, why am I not surprised?
(07:40 / Allies) BlindJustice: tower here
(07:58 / All) DEVILRY-FOOLRY: unless my eyes played tricks pink was mhing
(10:56 / All) DEVILRY-FOOLRY: it seems pink
(11:00 / All) DEVILRY-FOOLRY: we have to delay our rivalry
(11:25 / All) DEVILRY-FOOLRY: my base is right there lol
(11:59 / All) DEVILRY-FOOLRY: better unusmmon bitch
(12:18 / All) CvntDestroyer: whiny baby team killer, that's green
(12:36 / All) BlindJustice: nice hold position
(12:44 / All) Drone: only asshole tries to take a mine he didnt clear
(12:47 / All) BlindJustice: I told you
(12:48 / All) BlindJustice: so get the fuck you
(12:49 / All) DEVILRY-FOOLRY: finders
(12:50 / All) DEVILRY-FOOLRY: keepers
(12:54 / All) CvntDestroyer: He brought the peons first
(12:56 / All) CvntDestroyer: IT's his
(13:01 / All) BlindJustice: FREE FIENDS
(13:19 / All) CvntDestroyer: So what he brought the peons he was there first
(13:31 / All) Drone: means nothing
(13:37 / All) DEVILRY-FOOLRY: ur an arrogant dick green
(13:42 / All) CvntDestroyer: He took it by force
(13:42 / All) Drone: no u are
(13:44 / All) CvntDestroyer: Quit your bitching
(13:49 / All) DEVILRY-FOOLRY: take my shit
(13:49 / All) Drone: u try to take what u didnt earn
(13:53 / All) CvntDestroyer: Now you're dead, you can leave now
(13:55 / All) DEVILRY-FOOLRY: like atoddler
(14:04 / All) DEVILRY-FOOLRY: i earned it by having my peons there
(14:14 / All) DEVILRY-FOOLRY: they are called blue collar workers for a reason
(14:15 / All) Drone: that isnt earning it thats leeching it
(14:36 / All) BlindJustice: orange thinks he's so good
(14:51 / All) Drone: just get aa and its over
(14:54 / All) DEVILRY-FOOLRY: i think our friend pink is trying to go 4-0 like a champ
(15:01 / All) BlindJustice: you alraedy lost
(15:01 / All) BlindJustice: leave
(15:11 / All) Drone: they have
(15:33 / All) Drone: shitty towers and wyvs aint gonna cut it
(15:40 / All) BlindJustice: nice wyverns
(15:47 / All) BlindJustice: the only thing shit here is you
(15:50 / All) Drone: LMFAO
(16:02 / All) Drone: now shitty orcs get owned
(16:07 / All) Plastic: ah, i stopped givin a shit about 5mins in
(16:10 / All) BlindJustice: yeah how funny, get the fuck out and shut the fuck up you fucking robotic drone'
(16:17 / All) Plastic: bout to whip up a few drinks'
(16:19 / All) BlindJustice: haha sure you did that's why you're still here, trashcan
(16:20 / All) Plastic: and mass peon
(16:25 / All) Drone: na gonna watch them suck more
(16:36 / Allies) Redemption: rdy to own?
(16:38 / All) Plastic: im here to waste your fuckin time
(16:40 / All) Plastic: cause im a prick like that
(16:40 / All) BlindJustice: LOL
(16:42 / All) BlindJustice: sure you are sport
(16:46 / All) Plastic: :D
(16:47 / All) BlindJustice: that's why you were tryhard harassing me
(16:52 / All) Plastic: ya
(16:54 / All) Plastic: cause im a fuckin prick
(16:58 / All) Plastic: thought itd piss ya off some
(16:59 / All) BlindJustice: you're a fuckwit
(17:08 / All) BlindJustice: all you're doing is giving me an enjoyable plaything to fuck with
(17:09 / All) Drone: lfmao yellow pro loses his army again
(17:13 / All) BlindJustice: not "pissing me off"
(17:21 / All) Drone: teal is owning u dumshits
(17:22 / All) Plastic: no homo
(17:34 / All) BlindJustice: get
(17:35 / All) BlindJustice: the
(17:36 / All) BlindJustice: fuck
(17:36 / All) BlindJustice: out
(17:37 / All) Plastic: wtf is this tower craft
(17:38 / All) BlindJustice: GET
(17:38 / All) BlindJustice: THE
(17:39 / All) BlindJustice: FUCK
(17:39 / All) BlindJustice: OUT
(17:44 / All) Drone: lol
(18:04 / All) Drone: shitty bats gone
(18:21 / All) BlindJustice: those bats will beat your tanks lol
(18:29 / All) Drone: more shitty orc air dumfucks
(19:03 / All) Drone: lmfao only two and they kicking ur ass
(19:09 / All) Plastic: blindjustice, just remember me, and leave the fuckin game early when your on my team, other wise ill do it for ya
(19:21 / All) BlindJustice: you couldn't if you wanted to
(19:28 / All) BlindJustice: shut the fuck up and get the fuck out, trashcan
(19:29 / All) Drone: oj is just feeding
(19:35 / All) Plastic: haha, ok keep searchin 4s, your bound to be on my team sooner or later man :)
(19:43 / All) BlindJustice: doesn't matter when they have trash like you in their team which = autolose
(19:46 / All) BlindJustice: trashcan orange
(19:56 / All) Plastic: yah, but nonetheless im gonna tk your dumbass at the start
(19:59 / All) Drone: shity raiders on the way
(20:04 / Allies) Redemption: expo those brah
(20:05 / All) BlindJustice: you couldn't succeed at that if you wanted to
(20:12 / Allies) BlindJustice: good idea ty
(20:14 / All) DEVILRY-FOOLRY: ready?
(20:20 / All) Plastic: try me :P
(20:45 / All) Drone: feed those wyvs
(21:08 / All) Drone: lol nice exp for them didnt lose a tank
(21:22 / All) CvntDestroyer: Are you blind and deaf?
(21:24 / All) Plastic: teal, dont lose this shit, you've talked too much shit to lose now
(21:26 / All) Drone: and now teal has level 6 tp ur fucked
(21:37 / All) Drone: he wont
(22:04 / All) Drone: bah yellow is with him
(22:13 / All) Drone: wouldnt kill the expo
(22:20 / All) BlindJustice: told you to leave at the start
(22:23 / All) BlindJustice: get the fuck out and shut the fuck up
(22:38 / All) Drone: ur dipshits with no skill go fuck urselves
(22:46 / All) BlindJustice: lol
(23:04 / All) Plastic: you hurt the guys feelings
(23:06 / All) Plastic: that aint cool bro
(23:12 / All) BlindJustice: lawl
(23:20 / All) Redemption: just leave
(23:24 / All) DEVILRY-FOOLRY: lol
(23:24 / All) Redemption: cant win 2v4 lmao
(23:27 / All) DEVILRY-FOOLRY: kodo #1
(24:00 / All) DEVILRY-FOOLRY: wheres ur pando bro
(24:46 / All) DEVILRY-FOOLRY: wood me oj
(24:58 / Allies) Redemption: help me plz
(25:09 / Allies) BlindJustice: k making gryphons
(25:12 / Allies) BlindJustice: up to 80 food
(25:52 / All) DEVILRY-FOOLRY: it seems ur pally died in our last battle pink
(25:55 / Allies) Redemption: can i have like 5k
(25:59 / Allies) Redemption: or 3k
(26:08 / Allies) BlindJustice: you could
(26:42 / Allies) Redemption: ?
(26:50 / All) DEVILRY-FOOLRY: panda down
(27:08 / Allies) Redemption: are you really that much of a nerd?
(27:22 / All) BlindJustice: Pink asks if I'm really that much of a nerd
(27:28 / All) BlindJustice: when he tries hard to 2v4 for record in an ancient game
(27:33 / All) DEVILRY-FOOLRY: pink is too much of a coward to reveal his aka
(27:39 / All) DEVILRY-FOOLRY: i am the expertise on azeroth players
(27:48 / All) BlindJustice: No redemption for pink when he loses after all this
(28:10 / All) BlindJustice: Well
(28:14 / All) BlindJustice: He made that anticlimactic
(28:15 / All) CvntDestroyer: Looks like orange gotta lose
(28:26 / All) BlindJustice: Sorry orange, looks like the trashcan goes into the trash LOL!!!!!!!
(29:36 / All) BlindJustice: Spell breakers should be immune to holy light if they're immune to magic
(29:40 / All) BlindJustice: and friendly magic effects
(29:45 / All) CvntDestroyer: Yeah
(30:05 / All) CvntDestroyer: Well they break enemy spells and allow friendly beneficial spells
(30:22 / All) Plastic: yeah, its getting boring now, ok blindside, just remember my name, alot of guys forget
(30:25 / All) BlindJustice: That's an awkward staring contest between the orcish hoard and the humans
(30:27 / All) BlindJustice: lol
(30:29 / All) Plastic: than they have the balls to ask my why im tping to their base mid game
(30:30 / All) BlindJustice: I'll forget you tomorrow
(30:32 / All) BlindJustice: you were forgettable
(30:35 / All) CvntDestroyer: lol
(30:41 / All) BlindJustice: Which side gets the loss?
(30:46 / All) BlindJustice: I say yours 2/4 mine left
(30:50 / All) CvntDestroyer: drone?
(30:52 / All) BlindJustice: Pink was actually alright
(31:04 / All) DEVILRY-FOOLRY: i do not care
(31:06 / All) CvntDestroyer: Drone should get a lose and orange for that closing statement